 Dungeon Crawl Stone Soup version 0.26.1-11-gd32895ea62 (webtiles) character file.

Game seed: 15925883373436553544

8 Zeld the Grasshopper (level 2, 0/19 HPs)
             Began as an Octopode Warper on May 17, 2021.
             Slain by a hobgoblin
             ... wielding a +0 club
              (6 damage)
             ... on level 1 of the Dungeon.
             The game lasted 00:00:31 (272 turns).

Zeld the Grasshopper (Octopode Warper)               Turns: 272, Time: 00:00:32

Health: 0/19       AC:  1    Str: 10    XL:     2   Next: 8%
Magic:  5/5        EV: 13    Int: 15    God:
Gold:   23         SH:  0    Dex: 11    Spells: 5/5 levels left

rFire    . . .     SeeInvis .   a - +0 mace
rCold    . . .     Faith    .   (no shield)
rNeg     . . .     Spirit   .   (helmet restricted)
rPois    .         Reflect  .   (no amulet)
rElec    .         Harm     .   (no ring)
rCorr    .         Rampage  .   (no ring)
Will     .....                  (no ring)
Stlth    ++........             (no ring)
HPRegen  0.06/turn              (no ring)
MPRegen  0.09/turn              (no ring)
                                (no ring)
                                (no ring)

@: no status effects
A: almost no armour, stealthy swim, amphibious, 8 rings, constrict 8, camouflage
1, gelatinous body 1
a: no special abilities


You were on level 1 of the Dungeon.
You visited 1 branch of the dungeon, and saw 1 of its levels.

You collected 23 gold pieces.

Inventory:

Hand Weapons
 a - a +0 mace (weapon)
Missiles
 b - 5 boomerangs of dispersal (quivered)
Jewellery
 d - an uncursed ring of see invisible {unknown}
Scrolls
 c - a scroll of blinking
 f - a scroll of remove curse {unknown}
 g - 2 scrolls of identify {unknown}
Potions
 e - a potion of heal wounds {unknown}


   Skills:
 - Level 2.0 Fighting
 * Level 2.4 Maces & Flails
 - Level 1.0 Throwing
 - Level 2.3 Dodging
 + Level 2.1 Spellcasting
 + Level 3.1 Translocations


You had 5 spell levels left.
You didn't know any spells.
Your spell library contained the following spells:

 Spells                   Type           Power        Failure   Level
 Blink                    Tloc           N/A          9%          2
 Gell's Gravitas          Tloc           5%           19%         3
 Lesser Beckoning         Tloc           5%           19%         3
 Teleport Other           Tloc           11%          19%         3
 Passage of Golubria      Tloc           N/A          52%         4


Dungeon Overview and Level Annotations

Branches:
Dungeon (1/15)

Altars:


Innate Abilities, Weirdness & Mutations

You cannot wear most types of armour.
You are very stealthy in the water. (Stealth+)
You are amphibious.
You can wear up to eight rings at the same time.
You can use your tentacles to constrict eight enemies at once.
Your skin changes colour to match your surroundings (Stealth+).
Your rubbery body absorbs attacks. (AC +1, EV +1)


Message History

The hobgoblin hits you with a +0 club.
You are too injured to fight recklessly!
You are too injured to fight recklessly!
You release your grip on the hobgoblin.
You release your grip on the frilled lizard.
You barely miss the hobgoblin. Your grab misses the hobgoblin.
The hobgoblin misses you.
You hit the hobgoblin.
You kill the hobgoblin!
You have reached level 2!
You hit the frilled lizard.
You kill the frilled lizard!
You hit the hobgoblin. Your grab misses the hobgoblin.
The hobgoblin is heavily wounded.
The hobgoblin hits you with a +0 club.
You closely miss the hobgoblin. You grab the hobgoblin.
The hobgoblin is heavily wounded.
You constrict the hobgoblin, but do no damage.
The hobgoblin hits you with a +0 club. x2
You die...

#.# #....)#
#####.###.##..#####
................(.#
#####..#####..###.#
#..# #..# #.# #..#
#..(# #.# #..#
#..## #.# #..# #..#
##.# #..# #.. ##@.#
#..####..##g#.#
.......g###..
##.......# ....
#.#..†...#####.#
#......?## #
.......g..
##........#
#........#


You could see 2 hobgoblins.

Vanquished Creatures
  A giant cockroach (D:1)
  2 hobgoblins (D:1)
  A kobold (D:1)
  A frilled lizard (D:1)
  3 rats (D:1)
8 creatures vanquished.

Notes
Turn   | Place    | Note
-------+----------+-------------------------------------------
     0 | D:1      | Zeld the Octopode Warper began the quest for the Orb.
     0 | D:1      | Reached XP level 1. HP: 14/14 MP: 3/3
   270 | D:1      | Reached XP level 2. HP: 10/19 MP: 5/5
   272 | D:1      | Slain by a hobgoblin

Illustrated notes

Levels and vault maps discovered:
D:1:      tarquinn_simple_flora_water_e, layout_loops_ring,
          roderic_roman_lattice

Action                   || total
-------------------------++-------
Melee: Mace              ||    21
       Constrict         ||     7
       Tentacles         ||     1
Dodge: Dodged            ||    17
